 Dungeon Sprint DCSS version 0.22-a0-430-g6609fc6 (webtiles) character file.

2681 GameOver the Fighter (level 9, -6/97 HPs)
             Began as a Naga Wizard on May 26, 2018.
             Was a High Priest of Cheibriados.
             Mangled by a two-headed ogre
             ... wielding a +0 giant club
              (15 damage)
             ... in the Dungeon (Sprint V: "Ziggurat Sprint").
             The game lasted 00:05:46 (241 turns).

GameOver the Fighter (Naga Wizard)                   Turns: 241, Time: 00:05:47

Health: -6/97      AC: 17    Str: 30    XL:     9   Next: 64%
Magic:  14/15      EV:  3    Int: 35    God:    Cheibriados [*****.]
Gold:   0          SH: 31    Dex: 30    Spells: 13/14 levels left

rFire    + + +     SeeInvis +   N - +8 lance "Wyrmbane" {slay drac, rPois rF+ rC+ AC+3}
rCold    . . .     Gourm    .   P - +18 shield of the Gong {rElec rN+ MR+ EV-5}
rNeg     + . .     Faith    .   c - +5 fire dragon scales
rPois    +         Spirit   .   (no helmet)
rElec    +         Reflect  .   (no cloak)
rCorr    .         Harm     .   (no gloves)
MR       ++...     NoTele   +   (no barding)
Stlth    ++........             S - amulet of the acrobat
HPRegen  0.26/turn              G - +6 ring of dexterity
MPRegen  0.14/turn              K - +6 ring of strength

@: studying Maces & Flails, very slow
A: large, see invisible, deformed body, poison resistance, slowness 2, slow
metabolism 1, spit poison 1, AC +3
a: Spit Poison, Bend Time, Temporal Distortion, Slouch, Step From Time, Renounce
Religion


You were in the Dungeon.
You worshipped Cheibriados.
Cheibriados was extremely pleased with you.
You were not hungry.

You visited 1 branch

Inventory:

Hand Weapons
 o - a +5 demon trident
 N - the +8 lance "Wyrmbane" (weapon) {slay drac, rPois rF+ rC+ AC+3}
   (You found it in the Dungeon)

   It affects your AC (+3).
   It protects you from fire.
   It protects you from cold.
   It protects you from poison.
 O - the +6 Majin-Bo {vamp, Archmagi MP+6 Int+6}
   (You found it in the Dungeon)

   It inflicts no extra harm, but heals its wielder when it wounds a living foe.
   It affects your intelligence (+6).
   It affects your magic capacity (+6).
Armour
 c - +5 fire dragon scales (worn)
 k - +5 gold dragon scales
 l - +5 shadow dragon scales
 m - +5 storm dragon scales
 P - the +18 shield of the Gong (worn) {rElec rN+ MR+ EV-5}
   (You found it in the Dungeon)

   It affects your evasion (-5).
   It insulates you from electricity.
   It protects you from negative energy.
   It affects your resistance to hostile enchantments.
Magical Staves
 E - an uncursed staff of energy
Jewellery
 G - a +6 ring of dexterity (left hand)
 H - a +6 ring of dexterity
 I - a +6 ring of intelligence
 J - a +6 ring of intelligence
 K - a +6 ring of strength (right hand)
 L - a +6 ring of strength
 S - an amulet of the acrobat (around neck)
Wands
 y - a wand of disintegration (7)
 C - a wand of iceblast (5)
 D - a wand of acid (7)
Scrolls
 j - 4 scrolls of blinking
 p - 4 scrolls of amnesia
 q - 7 scrolls of fog
 r - a scroll of holy word
 s - 5 scrolls of identify
 t - 5 scrolls of remove curse
 u - 2 scrolls of fear
Potions
 e - 7 potions of curing
 f - 10 potions of heal wounds
 h - 7 potions of magic
 v - 2 potions of brilliance
 w - 2 potions of invisibility
 x - 4 potions of resistance
 A - 5 potions of agility
 B - 6 potions of might
Books
 z - a manual of Maces & Flails
Miscellaneous
 F - a crystal ball of energy
 M - a lightning rod (4/4)
 Q - a box of beasts
 R - a sack of spiders
Comestibles
 d - 7 rations


   Skills:
 + Level 11.5 Fighting
 * Level 11.4 Polearms
 + Level 6.9 Armour
 - Level 1.5 Dodging
 - Level 3.0 Stealth
 + Level 6.8 Shields
 - Level 3.0 Spellcasting
 - Level 1.0 Conjurations
   Level 1.0 Summonings
   Level 1.0 Translocations
 + Level 9.1 Invocations


You had 13 spell levels left.
You knew the following spells:

 Your Spells              Type           Power        Failure   Level  Hunger
a - Magic Dart            Conj           ##..         12%         1    None

Your spell library contained the following spells:

 Spells                   Type           Power        Failure   Level  Hunger
 Conjure Flame            Conj/Fire      #.......     41%         3    ##.....
 Slow                     Hex            #.......     26%         2    None
 Mephitic Cloud           Conj/Pois/Air  #.......     43%         3    ##.....
 Blink                    Tloc           N/A          19%         2    None
 Sticky Flame             Conj/Fire      #.......     82%         4    ####...
 Call Imp                 Summ           ##......     19%         2    None
 Spider Form              Tmut/Pois      #.........   47%         3    ##.....
 Flame Tongue             Conj/Fire      #....        14%         1    None
 Inner Flame              Hex/Fire       #.......     47%         3    ##.....


Dungeon Overview and Level Annotations

Branches:
Dungeon (1/1)

Altars:
Ashenzari
Cheibriados
Dithmenos
Elyvilon
Fedhas
Gozag
Hepliaklqana
Kikubaaqudgha
Makhleb
Nemelex Xobeh
Okawaru
Qazlal
Ru
Sif Muna
Trog
Uskayaw
Vehumet
Wu Jian
Xom
Yredelemnul
Zin
The Shining One
Beogh
Jiyva
Lugonu


Innate Abilities, Weirdness & Mutations

You cannot wear boots.
Your serpentine skin is tough. (AC +3)
You have supernaturally acute eyesight. (SInv)
Armour fits poorly on your strangely shaped body.
Your system is resistant to poisons. (rPois)
You cover ground very slowly.
You have a slow metabolism.
You can spit poison.


Message History

Unknown command.
You closely miss the two-headed ogre. You puncture the two-headed ogre!
The two-headed ogre is moderately wounded.
You block the two-headed ogre's attack.
BOUMMMMG!
The two-headed ogre hits you with a giant spiked club!
* * * LOW HITPOINT WARNING * * *
You hit the two-headed ogre.
The two-headed ogre is moderately wounded.
You block the two-headed ogre's attack.
BONNNG!
The two-headed ogre hits you with a giant club!
* * * LOW HITPOINT WARNING * * *
The cyclops hits you but does no damage.
You barely miss the two-headed ogre.
The two-headed ogre is moderately wounded.
The two-headed ogre hits you but does no damage.
The two-headed ogre hits you with a giant spiked club!
You die...

▓..:=:..▓
▓..)|[..▓
▓.......▓
▓.......▓
▓.......▓
▓.......▓
▓.▓.CO▓.▓
▓...©@O.▓
▓▓▓▓▓▓▓▓▓


You could see 2 two-headed ogres and a cyclops.

Vanquished Creatures
  A two-headed ogre (D)
  An ugly thing (D)
  2 trolls (D)
  3 golden eyes (D)
  A floating eye (D)
  A swamp drake (shapeshifter) (D)
  A crimson imp (D)
  A quasit (D)
  2 jellies (D)
  An orc priest (D)
  2 orc wizards (D)
  2 shadow imps (D)
  2 oozes (D)
  An orc (D)
21 creatures vanquished.

Vanquished Creatures (others)
  An azure jelly (D)
  A death ooze (D)
2 creatures vanquished.

Grand Total: 23 creatures vanquished

Notes
Turn   | Place    | Note
-------+----------+-------------------------------------------
     0 | D        | Found the +6 Majin-Bo {vamp, Archmagi MP+6 Int+6}
     0 | D        | Found the +7 great mace "Firestarter" {inner flame, rF++}
     0 | D        | GameOver the Naga Wizard began the quest for the Orb.
     0 | D        | Reached XP level 1. HP: 15/15 MP: 4/4
     3 | D        | Found a blossoming altar of Fedhas.
    11 | D        | Found a hazy altar of Hepliaklqana.
    11 | D        | Found an opulent altar of Gozag.
    11 | D        | Found a viscous altar of Jiyva.
    11 | D        | Found a transporter.
    11 | D        | Found an ancient bone altar of Kikubaaqudgha.
    14 | D        | Became a worshipper of Cheibriados the Contemplative
    18 | D        | Found a corrupted altar of Lugonu.
    21 | D        | Found a burning altar of Makhleb.
    22 | D        | Found a sacrificial altar of Ru.
    22 | D        | Found a stormy altar of Qazlal.
    22 | D        | Found a deep blue altar of Sif Muna.
    22 | D        | Found an iron altar of Okawaru.
    22 | D        | Found a bloodstained altar of Trog.
    22 | D        | Found a sparkling altar of Nemelex Xobeh.
    42 | D        | Found the +6 shillelagh "Devastator" {shatter}
    42 | D        | Found the +8 lance "Wyrmbane" {slay drac, rPois rF+ rC+ AC+3}
    42 | D        | Found the +9 sword of Zonguldrok {reap}
    42 | D        | Found the cursed +13 scythe of Curses {drain, *Curse}
    42 | D        | Found the +0 sword of Power
    42 | D        | Found the +12 mace of Variability {chaos}
    42 | D        | Found the +7 Singing Sword
    42 | D        | Found the +7 longbow "Piercer" {penet, EV-2}
    44 | D        | Found the +9 heavy crossbow "Sniper" {velocity, Acc+∞ SInv}
    44 | D        | Found the +10 dark maul {crush}
    44 | D        | Found the +15 Maxwell's patent armour {-Cast -Tele rElec MR+ rCorr}
    44 | D        | Found the +18 shield of the Gong {rElec rN+ MR+ EV-5}
    44 | D        | Found the cursed +14 obsidian axe {chop, +Fly SInv *Curse}
    50 | D        | Entered arena 2.
    50 | D        | Noticed a green ugly thing
    50 | D        | Noticed a swamp drake
    50 | D        | Found a transporter.
    52 | D        | Killed a swamp drake
    52 | D        | Reached XP level 2. HP: 39/39 MP: 6/6
    52 | D        | Reached XP level 3. HP: 45/45 MP: 7/7
    52 | D        | Reached XP level 4. HP: 54/54 MP: 8/8
    57 | D        | Killed a green ugly thing
    57 | D        | Reached * piety under Cheibriados
    57 | D        | Reached skill level 5 in Invocations
    57 | D        | Reached XP level 5. HP: 53/63 MP: 9/9
    57 | D        | Reached XP level 6. HP: 61/72 MP: 10/10
    57 | D        | Reached XP level 7. HP: 66/78 MP: 11/11
    67 | D        | Reached skill level 10 in Fighting
    67 | D        | Reached XP level 8. HP: 78/87 MP: 12/12
    68 | D        | Entered arena 3.
    68 | D        | Found a transporter.
    71 | D        | Reached skill level 5 in Armour
    71 | D        | Reached skill level 5 in Shields
    73 | D        | Reached ** piety under Cheibriados
    81 | D        | Killed a death ooze
    84 | D        | Got the Reference Book on Torrid Contamination
    89 | D        | Entered arena 4.
    89 | D        | Found a transporter.
   103 | D        | Reached *** piety under Cheibriados
   122 | D        | Killed an azure jelly
   181 | D        | Entered arena 5.
   181 | D        | Found a transporter.
   182 | D        | Reached **** piety under Cheibriados
   198 | D        | Entered arena 6.
   198 | D        | Found a transporter.
   199 | D        | Paralysed by a floating eye for 2 turns
   203 | D        | Reached ***** piety under Cheibriados
   204 | D        | Reached skill level 10 in Polearms
   213 | D        | Got the amulet of Neyfix {Inacc *Corrode rPois rC+++ Str+2}
   221 | D        | Entered arena 7.
   221 | D        | Noticed a two-headed ogre
   221 | D        | Noticed a troll
   221 | D        | Noticed a two-headed ogre
   221 | D        | Noticed a troll
   221 | D        | Noticed a two-headed ogre
   221 | D        | Noticed a cyclops
   222 | D        | Found the +2 ratskin cloak {+Rats rPois rN+ Str-1 Int-1 Dex+1}
   227 | D        | Killed a two-headed ogre
   227 | D        | Reached XP level 9. HP: 87/97 MP: 13/15
   231 | D        | Killed a troll
   236 | D        | Killed a troll
   241 | D        | Mangled by a two-headed ogre

Vault maps used:
D:        sprint_v

Skill      XL: |  1  2  3  4  5  6  7  8  9 |
---------------+----------------------------+-----
Fighting       | 8 9 10 11 | 11.5
Polearms       | 6 8 10 11 | 11.4
Armour         | 3 4 6 |  6.9
Shields        | 3 4 6 |  6.8
Invocations    | 5 6 8 9 |  9.1
Dodging        | |  1.5
Stealth        | |  3.0
Spellcasting   | |  3.0
Conjurations   | |  1.0
Summonings     | |  1.0
Translocations | |  1.0

Action                   |  1- 3 |  4- 6 |  7- 9 || total
-------------------------+-------+-------+-------++-------
Melee: Lance             |       |     3 |    55 ||    58
 Abil: Spit Poison       |       |       |     2 ||     2
Evoke: Wand              |     1 |     1 |       ||     2
       Lightning rod     |       |     2 |     1 ||     3
  Use: Potion            |       |       |     4 ||     4
 Stab: Sleeping          |       |       |     1 ||     1
Armor: Robe              |       |     1 |     3 ||     4
       Fire dragon scale |       |       |     9 ||     9
Dodge: Dodged            |       |     3 |    10 ||    13
Block: Shield            |       |       |    31 ||    31
       Buckler           |       |       |     7 ||     7

Table legend:
 A = Spawn XP
 B = Non-spawn XP
 C = Spawn XP percentage of total XP
 D = Spawn monster count
 E = Non-spawn monster count
 F = Spawn count percentage of total count
 G = Total turns spent on level
                    A         B        C        D         E        F      G
               +---------+---------+-------+---------+---------+-------+---------
         Total |       0 |    3210 |   0.0 |       0 |      21 |   0.0 |   241
               +---------+---------+-------+---------+---------+-------+---------
             D |       0 |    3210 |   0.0 |       0 |      21 |   0.0 |   241
               +---------+---------+-------+---------+---------+-------+---------
